 Dungeon Crawl Stone Soup version 0.31-a0-240-gb923e448b6 (webtiles) character file.

Game seed: 10889280644273739584

305 British0li the Sneak (level 6, -6/49 HPs)
             Began as a Demonspawn Delver on July 11, 2023.
             Mangled by kush's ghost (11 damage)
             ... on level 6 of the Dungeon on July 12, 2023.
             The game lasted 00:05:37 (3525 turns).

British0li the Sneak (Demonspawn Delver)            Turns: 3525, Time: 00:05:38

Health: -6/49      AC:  6    Str: 14    XL:     6   Next: 16%
Magic:  6/6        EV: 15    Int: 11    God:
Gold:   164        SH:  5    Dex: 15    Spells: 5/5 levels left

rFire   . . .        w - +2 quarterstaff (chaos)
rCold   . . .        (shield currently unavailable)
rNeg    . . .        b - +0 leather armour
rPois   .            (no helmet)
rElec   .            (no cloak)
rCorr   .            h - +2 pair of gloves
SInv    .            (no boots)
Will    .....        e - amulet of reflection
Stlth   +++          (no ring)
HPRegen 0.28/turn    (no ring)
MPRegen 0.10/turn

%: reflection
@: no status effects
A: repulsion field 1, foul stench 1, demonic magic 1, demonic touch 1
a: no special abilities


You were on level 6 of the Dungeon.
You visited 1 branch of the dungeon, and saw 6 of its levels.

You collected 164 gold pieces.

Inventory:

Hand Weapons
 a - a +0 falchion
 w - a +2 quarterstaff of chaos (weapon)
Armour
 b - a +0 leather armour (worn)
 h - a +2 pair of gloves (worn)
Jewellery
 e - an amulet of reflection (around neck)
Wands
 g - a wand of digging (3)
Scrolls
 c - a scroll of fog
 d - a scroll of revelation
 i - 4 scrolls of teleportation {unknown}
 j - a scroll of acquirement {unknown}
 m - 4 scrolls of noise {unknown}
 n - a scroll of enchant weapon {unknown}
 q - a scroll of vulnerability {unknown}
 t - a scroll of fear
 u - 3 scrolls of identify {unknown}
 v - 2 scrolls of immolation {unknown}
 x - a scroll of blinking {unknown}
Potions
 f - 2 potions of haste
 k - a potion of might {unknown}
 l - a potion of lignification {unknown}
 o - a potion of mutation {unknown}
 p - a potion of curing {unknown}
 r - a potion of enlightenment {unknown}
 s - 2 potions of berserk rage {unknown}
 z - a potion of invisibility {unknown}


   Skills:
 + Level 4.4 Fighting
 - Level 2.6 Long Blades
 + Level 2.6 Armour
 + Level 3.4 Dodging
 - Level 4.6 Stealth


You had 5 spell levels left.
You didn't know any spells.
Your spell library contained the following spells:

 Spells                   Type           Power      Damage    Failure   Level
 Slow                     Hex            0%         N/A       41%         1
 Confusing Touch          Hex            0%         N/A       78%         3
 Portal Projectile        Hex/Tloc       0%         N/A       78%         3
 Tukima's Dance           Hex            0%         N/A       78%         3
 Vampiric Draining        Necr           0%         2d6       78%         3
 Iskenderun's Mystic Bla  Conj/Tloc      0%         2d3       99%         4


Dungeon Overview and Level Annotations

Branches:
Dungeon (5/15)
 Temple: D:4-7

Altars:
Cheibriados
Nemelex Xobeh
Vehumet

Shops:
D:4 :*

Annotations:
D:6 kush's ghost, novice OgWn


Innate Abilities, Weirdness & Mutations

You are surrounded by a mild repulsion field. (EV +2)
You may rarely emit foul miasma when damaged in melee.
Spells you cast may paralyse adjacent enemies.
Your touch may inflict minor irresistible damage on your foes.


Message History

Kush's ghost is severely damaged.
The bat barely misses you. x2; The rat misses you.
The rat closely misses you. The bat hits you.
* * * LOW HITPOINT WARNING * * *
Kush's ghost completely misses you. You block the rat's attack.
You barely miss kush's ghost.
Kush's ghost is severely damaged.
The bat barely misses you. You block the rat's attack.
You block kush's ghost's attack. The rat closely misses you.
You miss kush's ghost.
Kush's ghost is severely damaged.
The bat hits you but does no damage. Kush's ghost completely misses you.
You block the rat's attack. The rat completely misses you.
You closely miss kush's ghost.
Kush's ghost is severely damaged.
Kush's ghost hits you!
* * * LOW HITPOINT WARNING * * *
The rat twitches its whiskers.
The rat bites you but does no damage. You block the rat's attack. x2
Kush's ghost closely misses you. The rat barely misses you.
You closely miss kush's ghost.
Kush's ghost is severely damaged.
You block the rat's attack. The rat misses you. Kush's ghost misses you.
You block the rat's attack. The rat barely misses you.
The rat bites you but does no damage.
You closely miss kush's ghost.
Kush's ghost is severely damaged.
Kush's ghost barely misses you. The rat closely misses you.
The rat barely misses you. You block the rat's attack.
You sock kush's ghost!
Kush's ghost suddenly seems more resistant.
Kush's ghost is almost destroyed.
Kush's ghost closely misses you. You block the rat's attack.
The rat misses you. You block the rat's attack.
Kush's ghost closely misses you.
You barely miss kush's ghost.
Kush's ghost is almost destroyed.
The rat misses you. The rat closely misses you. You block the rat's attack.
Kush's ghost hits you!
You die...

#. #. #. #. #.
######.#+###########
......r...<.........
#...r@....########
###'rW###........
#(..$b(.#.#######
#..(..(.#.##
#....8..#.>#
#♣(.....##.#
#...(.(.##.#
##########.#
#.......'..#


You could see kush's ghost (agile, resistant), a bat (summoned) and 3 rats.

Vanquished Creatures
  A black bear (D:6)
  An orc warrior (D:6)
  Crazy Yiuf (D:3)
  An adder (D:4)
  A gnoll (D:4)
  2 worms
  3 dart slugs
  2 orcs
  8 ball pythons
  3 endoplasms
  6 giant cockroaches (D:1)
  4 goblins
  8 hobgoblins
  4 jackals (D:3)
  4 kobolds
  3 quokkas
  6 bats
  4 frilled lizards
  5 rats
67 creatures vanquished.

Notes
Turn   | Place    | Note
-------+----------+-------------------------------------------
     0 | D:5      | British0li the Demonspawn Delver began the quest for the
                  | Orb.
     0 | D:5      | Reached XP level 1. HP: 18/18 MP: 1/1
   107 | D:4      | Found Boutwuov's Book Shop.
   187 | D:4      | Found Turaopuw's General Store.
   312 | D:4      | Gained mutation: You are surrounded by a mild repulsion
                  | field. (EV +2) [demonic ancestry]
   312 | D:4      | Reached XP level 2. HP: 24/24 MP: 2/2
   798 | D:2      | Gained mutation: Your touch may inflict minor irresistible
                  | damage on your foes. [demonic ancestry]
   798 | D:2      | Reached XP level 3. HP: 25/29 MP: 3/3
  1114 | D:1      | Reached skill level 1 in Armour
  1851 | D:2      | Found a sparkling altar of Nemelex Xobeh.
  2276 | D:3      | Reached XP level 4. HP: 35/35 MP: 4/4
  2284 | D:3      | Found a runed translucent door.
  2285 | D:3      | Noticed Crazy Yiuf
  2410 | D:3      | Found a faded altar of an unknown god.
  2509 | D:3      | Killed Crazy Yiuf
  3140 | D:3      | Found a snail-covered altar of Cheibriados.
  3305 | D:4      | Noticed a gnoll sergeant
  3345 | D:4      | You fall into a shaft and drop 2 floors!
  3381 | D:6      | Found a radiant altar of Vehumet.
  3389 | D:6      | Noticed a black bear
  3394 | D:6      | Killed a black bear
  3395 | D:6      | Gained mutation: You may rarely emit foul miasma when
                  | damaged in melee. [demonic ancestry]
  3395 | D:6      | Reached XP level 5. HP: 29/42 MP: 5/5
  3445 | D:6      | Noticed an orc warrior
  3466 | D:6      | Killed an orc warrior
  3467 | D:6      | Gained mutation: Spells you cast may paralyse adjacent
                  | enemies. [demonic ancestry]
  3467 | D:6      | Reached XP level 6. HP: 6/49 MP: 6/6
  3499 | D:6      | Found a runed translucent gate.
  3499 | D:6      | Found a runed translucent gate.
  3499 | D:6      | Found a runed translucent gate.
  3502 | D:6      | Noticed kush's ghost (novice OgWn)
  3525 | D:6      | Mangled by kush's ghost

Illustrated notes

Levels and vault maps discovered:
D:1:      psy_arrival_statuary, layout_basic, hangedman_decor_push,
          chequers_avenue, minmay_tree_intersection
D:2:      layout_basic, basic_altar
D:3:      layout_loops_corners, cheibriados_altar_1,
          shapermc_ecumenical_altar_totnotflames, kennysheep_generic_room_2,
          uniq_crazy_yiuf_cottage
D:4:      layout_loops_corners, mainiacjoe_overflow_tiny_flanked, serial_shops,
          shop, nicolae_shop_crystal, shop, uniq_pikel
D:5:      layout_loops_ring, old_standard_altar, gammafunk_ghost_mausoleum,
          uniq_eustachio, uniq_edmund, uniq_prince_ribbit1, uniq_blork_the_orc
D:6:      layout_basic, mainiacjoe_overflow_24_doors,
          minmay_temple_entry_mini_moons, ebering_ghost_rock_garden,
          st_stairs_5, nicolae_zen_rock_garden, uniq_menkaure

Skill      XL: |  1  2  3  4 |
---------------+-------------+-----
Long Blades    | 2 |  2.6
Dodging        | 2 3 |  3.4
Armour         | 1 2 |  2.6
Fighting       | 4 |  4.4
Stealth        | |  4.6

Action                     |  1- 3 |  4- 6 || total
---------------------------+-------+-------++-------
  Melee: Falchion          |   157 |     7 ||   164
         Punch             |     1 |       ||     1
         Touch             |     9 |     2 ||    11
         Quarterstaff      |       |    77 ||    77
    Use: Scroll            |     1 |       ||     1
   Stab: Sleeping          |     8 |     5 ||    13
 Armour: Leather armour    |    35 |    28 ||    63
  Dodge: Dodged            |   100 |   101 ||   201
  Block: Other             |    29 |    39 ||    68

Table legend: (Time is in decaauts)
 A = Elapsed time spent in this place.
 B = Non-inter-level travel time spent in this place.
 C = Inter-level travel time spent in this place.
 D = Time resting spent in this place.
 E = Time spent auto-exploring this place.
 F = Levels seen in this place.
 G = Mean time per level.
                   A        B        C        D        E       F      G
               +--------+--------+--------+--------+--------+-----+--------+
         Total |   3577 |   3383 |    194 |     67 |   2575 |   6 |  596.2 |
       Dungeon |   3577 |   3383 |    194 |     67 |   2575 |   6 |  596.2 |
               +--------+--------+--------+--------+--------+-----+--------+

Top non-repeatable levels by time:
     D:3: 1110 daAuts
     D:2: 1063 daAuts
     D:1: 670 daAuts
     D:4: 528 daAuts
     D:6: 190 daAuts
     D:5: 14 daAuts
